 Dungeon Crawl Stone Soup version 0.31-a0-636-ge1c0e020e0 (webtiles) character file.

Game seed: 1932979068902226949

39 Revguard the Trooper (level 3, 33/33 HPs)
             Began as a Hill Orc Fighter on Aug 26, 2023.
             Got out of the dungeon alive.
             The game lasted 00:03:08 (1258 turns).

Revguard the Trooper (Hill Orc Fighter)             Turns: 1258, Time: 00:03:08

Health: 33/33      AC: 10    Str: 20    XL:     3   Next: 47%
Magic:  3/3        EV:  7    Int:  8    God:
Gold:   58         SH:  9    Dex: 10    Spells: 2/2 levels left

rFire   . . .        a - +0 war axe
rCold   . . .        c - +0 buckler
rNeg    . . .        i - +0 chain mail
rPois   .            (no helmet)
rElec   .            (no cloak)
rCorr   .            (no gloves)
SInv    .            f - +0 pair of boots
Will    .....        j - amulet of reflection Stlth
                     (no ring)
HPRegen 0.25/turn    (no ring)
MPRegen 0.08/turn

%: reflection
@: no status effects
A: no striking features
a: no special abilities


You escaped.
You visited 1 branch of the dungeon, and saw 2 of its levels.

You collected 58 gold pieces.

Inventory:

Hand Weapons
 a - a +0 war axe (weapon)
Armour
 b - a +0 scale mail
 c - a +0 buckler (worn)
 f - a +0 pair of boots (worn)
 i - a +0 chain mail (worn)
Jewellery
 j - an amulet of reflection (around neck)
Talismans
 e - a blade talisman
Scrolls
 h - a scroll of identify
Potions
 d - a potion of might
 g - a potion of attraction


   Skills:
 + Level 4.0 Fighting
 + Level 3.2 Axes
 + Level 3.4 Armour
 + Level 0.6 Dodging
 + Level 3.5 Shields
 + Level 1.2 Invocations
 + Level 0.5 Evocations


You had 2 spell levels left.
You didn't know any spells.
Your spell library was empty.

Dungeon Overview and Level Annotations

Branches:
Dungeon (2/15)

Altars:


Message History

The bat hits you.
There is a dry fountain here.
The bat hits you but does no damage. You block the bat's attack.
You hit the bat.
You kill the bat!
h - a scroll of identify
Found 13 gold pieces.
You start waiting.
Done waiting.
You start waiting.
Done waiting.
You start waiting.
Done waiting.
You start waiting.
Done waiting.
You begin untransforming.
You continue untransforming. x3
Your hands revert to their normal proportions.
Your +0 war axe unmelds from your body.
Your +0 buckler unmelds from your body.
Found a short jewelled staff.
You now have 58 gold pieces (gained 13).
You see here a staff of fire.
You see here a staff of fire.
There is a stone staircase leading up here.
You climb upwards.
There is a stone staircase leading down here.
Okay, then.
Okay, then.
Okay, then.
You open the door.
There is an open door here.
You see here a +0 hand axe.
There is an open door here.
There is an open door here.
HP restored.
There is an open door here.
There is an open door here.
There is a staircase leading out of the dungeon here.
Alright, then stay!
You have escaped!

#..........###.#
#..........# #.# #####
#.....#'######'## ....#
#.....#.# #.....#
....#######.....#.#
#.....#
....'.........#...#
#.....#
>...###############
####'## ....# #...# #.#
....# #.@.# #.# ....#
#...# #.######## ##'##
###'### #........† #.#
#####.....##############
#.# #...#.....#...# #.#
#.8.+..8..+.8.# #.#
#...#.....#...# #.#
#####.....##### #.#
##'###'#


There were no monsters in sight!

Vanquished Creatures
  An adder (D:2)
  A dart slug (D:2)
  An endoplasm (D:2)
  A giant cockroach (D:1)
  A goblin (D:1)
  3 hobgoblins (D:1)
  3 kobolds (D:1)
  3 quokkas (D:1)
  4 ball pythons (D:1)
  3 bats
  3 frilled lizards
  A quokka skeleton (D:2)
  5 rats (D:1)
30 creatures vanquished.

Notes
Turn   | Place    | Note
-------+----------+-------------------------------------------
     0 | D:1      | Revguard the Hill Orc Fighter began the quest for the Orb.
     0 | D:1      | Reached XP level 1. HP: 19/19 MP: 1/1
   163 | D:1      | Reached XP level 2. HP: 25/27 MP: 2/2
   623 | D:2      | Reached skill level 4 in Fighting
   623 | D:2      | Reached XP level 3. HP: 30/33 MP: 3/3
   624 | D:2      | Reached skill level 1 in Invocations
   640 | D:2      | Found a faded altar of an unknown god.
  1258 | D:$      | Got out of the dungeon alive.

Illustrated notes

Levels and vault maps discovered:
D:1:      minmay_arrival_stair_chambers, layout_basic
D:2:      layout_loops_ring, serial_undead, serial_undead_a, serial_undead_d,
          serial_undead_a, serial_undead_d, hellmonk_ecumenical_altar_run_dry

Skill      XL: |  1  2  3 |
---------------+----------+-----
Axes           | 3 |  3.2
Fighting       | 4 |  4.0
Invocations    | 1 |  1.2
Armour         | |  3.4
Dodging        | |  0.6
Shields        | |  3.5
Evocations     | |  0.5

Action                     || total
---------------------------++-------
  Melee: War axe           ||    71
         Unarmed           ||     4
    Use: Scroll            ||     3
         Potion            ||     1
 Armour: Scale mail        ||    12
         Chain mail        ||    43
  Dodge: Dodged            ||    35
  Block: Buckler           ||    54
         Reflection        ||     1
         Other             ||     2
         Form:             ||     1
         Blade             ||     1

Table legend: (Time is in decaauts)
 A = Elapsed time spent in this place.
 B = Non-inter-level travel time spent in this place.
 C = Inter-level travel time spent in this place.
 D = Time resting spent in this place.
 E = Time spent auto-exploring this place.
 F = Levels seen in this place.
 G = Mean time per level.
                   A        B        C        D        E       F      G
               +--------+--------+--------+--------+--------+-----+--------+
         Total |   1286 |   1160 |    126 |    400 |    402 |   2 |  643.0 |
       Dungeon |   1286 |   1160 |    126 |    400 |    402 |   2 |  643.0 |
               +--------+--------+--------+--------+--------+-----+--------+

Top non-repeatable levels by time:
     D:1: 719 daAuts
     D:2: 567 daAuts
